 Dungeon Crawl Stone Soup version 0.29.1-2-gbd0b4ee654 (webtiles) character file.

Game seed: 10461204246360624723

42 Descartes the Covert (level 3, -1/19 HPs)
             Began as a Spriggan Delver on Nov 5, 2022.
             Slain by an adder (2 damage)
             ... in a sewer.
             The game lasted 00:03:01 (465 turns).

Descartes the Covert (Spriggan Delver)               Turns: 465, Time: 00:03:02

Health: -1/19      AC:  2    Str: 10    XL:     3   Next: 35%
Magic:  4/4        EV: 17    Int: 15    God:
Gold:   18         SH:  0    Dex: 16    Spells: 2/2 levels left

rFire   . . .      SeeInvis +   i - +2 dagger (holy)
rCold   . . .      Faith    .   (no shield)
rNeg    + . .      Spirit   .   b - +0 robe
rPois   .          Reflect  .   (helmet restricted)
rElec   .          Harm     .   (no cloak)
rCorr   +          Rampage  .   (gloves unavailable)
Will    .....                   (boots unavailable)
Stlth   ++........              (no amulet)
HPRegen 0.06/turn               h - ring "Bixkiach" {rN+ rCorr Int+4}
MPRegen 0.09/turn               (no ring)

@: lethally poisoned (-1 -> -10), slow
A: very small, no large weapons, unfitting armour, see invisible, speed 3
a: no special abilities


You were in a sewer.
You visited 1 branch of the dungeon, and saw 3 of its levels.
You also visited: Sewer.

You collected 18 gold pieces.

Inventory:

Hand Weapons
 a - a +0 short sword
 i - a +2 dagger of holy wrath (weapon)
 j - a +0 sling
Armour
 b - a +0 robe (worn)
Jewellery
 h - the ring "Bixkiach" (left hand) {rN+ rCorr Int+4}
   (You found it on level 5 of the Dungeon)

   [ring of resist corrosion]

   Int:       It affects your intelligence (+4).
   rN:        It protects you from negative energy.
   rCorr:     It protects you from acid and corrosion.
Wands
 g - a wand of digging (3)
Scrolls
 c - a scroll of fog
 e - a scroll of fear
Potions
 f - a potion of haste


   Skills:
 - Level 2.4 Fighting
 - Level 2.1 Short Blades
 + Level 2.7 Dodging
 + Level 8.9 Stealth
 + Level 0.1 Unarmed Combat


You had 2 spell levels left.
You didn't know any spells.
Your spell library was empty.

Dungeon Overview and Level Annotations

Branches:
Dungeon (5/15)              Sewer (1/1)
 Temple: D:4-7

Altars:


Innate Abilities, Weirdness & Mutations

You are very small and have problems with some larger weapons.
You are too small for most types of armour.
You have supernaturally acute eyesight. (SInv)
You cover ground extremely quickly. (Speed+++)


Message History

The world spins around you as you enter the gateway.
You enter a sewer!
Found a gate leading back out of this place.
There is an empty arch of ancient stone here.
HP restored.
An adder, a frilled lizard and a ball python come into view.
You enter the shallow water.
Moving in this stuff is going to be slow.
Found a scroll of fog.
The adder hisses angrily.
Your unstable footing causes you to fumble your attack.
The adder misses you.
Your unstable footing causes you to fumble your attack.
The adder bites you but does no damage.
You hit the adder.
The adder is heavily wounded.
The adder bites you.
You hit the adder.
The adder is almost dead.
The adder bites you.
You are poisoned.
The adder poisons you! The adder completely misses you.
You hit the adder but do no damage.
The adder is almost dead.
You feel sick. The adder bites you.
You are more poisoned.
The adder poisons you!
You hit the adder but do no damage.
The adder is severely wounded.
You feel sick. The adder misses you.
You hit the adder.
The adder is almost dead.
You feel sick. The adder bites you.
* * * LOW HITPOINT WARNING * * *
You are more poisoned.
The adder poisons you!
Your unstable footing causes you to fumble your attack.
* * * LOW HITPOINT WARNING * * *
You feel sick. The adder bites you.
You die...

.###?# P.##~#
#.##~# ~PP#~#
######P.#~#
#≈≈≈....#~#
#≈≈≈≈.∩.#S# #
#≈≈≈≈.∩.#@# l..
#≈≈≈≈...#~#~..~S
###≈≈≈...P.......
##≈≈....P.~..~.
####...P~####.
#######


You could see an adder.

Vanquished Creatures
  A hound (D:5)
  An ufetubus (D:5)
  A ball python (D:4)
  2 goblins
  2 quokkas (D:3)
  A rat (D:3)
8 creatures vanquished.

Notes
Turn   | Place    | Note
-------+----------+-------------------------------------------
     0 | D:5      | Descartes the Spriggan Delver began the quest for the Orb.
     0 | D:5      | Reached XP level 1. HP: 11/11 MP: 2/2
     5 | D:5      | Identified the ring "Bixkiach" {rN+ rCorr Int+4}
    50 | D:5      | Noticed a hound
    93 | D:5      | Noticed a hound
    99 | D:5      | Killed a hound
   100 | D:5      | Reached skill level 8 in Stealth
   100 | D:5      | Reached XP level 2. HP: 10/16 MP: 3/3
   100 | D:5      | Reached XP level 3. HP: 11/19 MP: 4/4
   423 | D:3      | Found a glowing drain.
   427 | Sewer    | Entered a sewer
   465 | Sewer    | Slain by an adder

Illustrated notes

Levels and vault maps discovered:
D:3:      layout_loops_ring, gup_sewer_entry_bowl, grunt_ministairs_3
D:4:      layout_gridville, gammafunk_temple_overflow_forgotten,
          nicolae_overflow_hallway_of_the_gods, minivault_1,
          minmay_increasing_density
D:5:      layout_loops_ring, mainiacjoe_overflow_cross_hatched,
          nzn_wu_jian_council_hall, uniq_ijyb
Sewer:    sewer_co_scattered_pipes

Skill      XL: |  1 |
---------------+----+-----
Stealth        | 8 |  8.9
Fighting       | |  2.4
Short Blades   | |  2.1
Dodging        | |  2.7
Unarmed Combat | |  0.1

Action                   || total
-------------------------++-------
Melee: Short sword       ||    24
       Dagger            ||    32
       Punch             ||     1
  Use: Scroll            ||     1
       Potion            ||     1
 Stab: Sleeping          ||     3
Armor: Robe              ||     2
Dodge: Dodged            ||    67
